 Dungeon Crawl Stone Soup version 0.19.5 (webtiles) character file.

225 Ponchio the Magician (level 5, -4/28 HPs)
             Began as a Deep Elf Conjurer on Sept 9, 2017.
             Slain by an iguana (5 damage)
             ... on level 4 of the Dungeon.
             The game lasted 00:13:14 (2457 turns).

Ponchio the Magician (Deep Elf Conjurer)            Turns: 2457, Time: 00:13:15

Health: -4/28      AC:  5    Str:  5    XL:     5   Next: 68%
Magic:  2/16       EV: 13    Int: 21    God:
Gold:   170        SH:  0    Dex: 15    Spells: 2 memorised, 12 levels left

rFire  . . .     SeeInvis .     j - +1 short sword (protect)
rCold  . . .     Gourm    .     a - +0 robe
rNeg   . . .     Faith    .     (no shield)
rPois  .         Spirit   .     s - +0 helmet
rElec  .         Reflect  .     (no cloak)
rCorr  .         Harm     .     (no gloves)
MR     +....                    v - +1 pair of boots
Stlth  ++........               (no amulet)
                                (no ring)
                                r - ring of protection from magic

@: no status effects
A: no striking features
a: no special abilities


You were on level 4 of the Dungeon.
You were not hungry.

You visited 2 branches of the dungeon, and saw 5 of its levels.

You collected 170 gold pieces.

Inventory:

Hand Weapons
 d - a +0 hand axe
 j - a +1 short sword of protection (weapon)
Armour
 a - a +0 robe (worn)
 s - a +0 helmet (worn)
 v - a +1 pair of boots (worn)
Jewellery
 m - an uncursed amulet of rage
 r - a ring of protection from magic (left hand)
Wands
 x - a wand of lightning (10/15)
Scrolls
 e - a scroll of recharging
 f - a scroll of magic mapping
 i - a scroll of amnesia
 l - a scroll of teleportation
 o - 2 scrolls of random uselessness {unknown}
 w - a scroll of remove curse
Potions
 g - a potion of brilliance {unknown}
 h - a potion of agility {unknown}
 k - 2 potions of curing {unknown}
 p - a potion of mutation {unknown}
 t - a potion of might {unknown}
 z - 2 potions of heal wounds {unknown}
Books
 b - a book of Conjurations

   Spells                             Type                      Level
   a - Magic Dart                     Conjuration                  1
   b - Searing Ray                    Conjuration                  2
   c - Dazzling Spray                 Conjuration/Hexes            3
   d - Fulminant Prism                Conjuration/Hexes            4
   e - Iskenderun's Mystic Blast      Conjuration                  4
   f - Iskenderun's Battlesphere      Conjuration/Charms           5
Comestibles
 c - 2 bread rations
 n - a meat ration
 q - a royal jelly


   Skills:
 - Level 2.4 Dodging
 - Level 2.4 Stealth
 - Level 7.0 Spellcasting
 - Level 4.3 Conjurations
 + Level 4.0 Charms


You had 12 spell levels left.
You knew the following spells:

 Your Spells              Type           Power        Failure   Level  Hunger
a - Magic Dart            Conj           ####         1%          1    None
b - Iskenderun's Battles  Conj/Chrm      ####....     54%         5    #####..


Dungeon Overview and Level Annotations

Branches:
Dungeon (4/15)             Temple (1/1) D:4

Altars:
Ashenzari
Cheibriados
Dithmenos
Elyvilon
Fedhas
Hepliaklqana
Kikubaaqudgha
Makhleb
Okawaru
Qazlal
Sif Muna
Trog
Xom
Yredelemnul
Zin
The Shining One


Message History

The iguana completely misses you.
Casting: Magic Dart
Confirm with . or Enter, or press ? or * to list all spells.
Aiming: Magic Dart
Press: ? - help, Shift-Dir - straight line, f/p - iguana
Aim: an iguana (lightly wounded)
The magic dart hits the iguana.
The iguana is moderately wounded.
The iguana bites you!
* * * LOW HITPOINT WARNING * * *
Evoke which item? (* to show all) (? for menu, Esc to quit)
Zapping:
x - a wand of lightning {recharged} (will waste charges)
Press: ? - help, Shift-Dir - straight line, f/p - iguana
Aim: an iguana (moderately wounded)
You hear a mighty clap of thunder!
The bolt of lightning hits the iguana.
The iguana is almost dead.
Evoking this partially-identified wand wasted a few charges.
The iguana bites you.
You die...

#.#.#.#.#.#.#..##...#
#..............######
#...#.......#..#
##.#............##
...#.#...>...#...#
####.............#
.....#.....[.#...+
###......."......#
#..#.#.#.#.#..@#
#............##l......
#.....######## .......
####### ..)!...
....... .......
....... .......


You could see an iguana.

Vanquished Creatures
  A water moccasin skeleton (D:4)
  Ijyb (D:2)
  A worker ant (D:4)
  Robin (D:3)
  4 adders
  2 worms (D:2)
  A dart slug (D:1)
  A leopard gecko (D:4)
  3 orcs
  A ball python (D:3)
  14 goblins
  10 hobgoblins
  3 jackals (D:2)
  8 kobolds
  A quokka (D:3)
  4 bats
  7 frilled lizards
  8 rats
71 creatures vanquished.

Notes
Turn   | Place    | Note
-------+----------+-------------------------------------------
     0 | D:1      | Ponchio the Deep Elf Conjurer began the quest for the Orb.
     0 | D:1      | Reached XP level 1. HP: 10/10 MP: 6/6
   195 | D:1      | Reached XP level 2. HP: 11/15 MP: 2/8
   208 | D:1      | Reached skill level 4 in Spellcasting
   674 | D:1      | You fall through a shaft!
   679 | D:2      | Reached XP level 3. HP: 19/19 MP: 4/11
   681 | D:2      | Reached skill level 5 in Spellcasting
   968 | D:2      | Noticed Ijyb
   975 | D:2      | Killed Ijyb
   975 | D:2      | Reached skill level 6 in Spellcasting
   975 | D:2      | Reached XP level 4. HP: 20/24 MP: 4/14
  1572 | D:3      | Noticed Robin
  1822 | D:3      | Killed Robin
  1880 | D:3      | Reached skill level 7 in Spellcasting
  1953 | D:3      | Reached XP level 5. HP: 28/28 MP: 13/16
  1960 | D:3      | Learned a level 5 spell: Iskenderun's Battlesphere
  2136 | D:4      | Reached skill level 1 in Charms
  2158 | D:4      | Found a staircase to the Ecumenical Temple.
  2193 | Temple   | Entered the Ecumenical Temple
  2456 | D:4      | HP: 1/28 [iguana (12)]
  2457 | D:4      | Slain by an iguana

Skill      XL: |  1  2  3  4  5 |
---------------+----------------+-----
Spellcasting   | 4 6 7 |  7.0
Charms         | 4 |  4.0
Dodging        | |  2.4
Stealth        | |  2.4
Conjurations   | |  4.3

Action                   |  1- 3 |  4- 6 || total
-------------------------+-------+-------++-------
Melee: Hand axe          |     1 |       ||     1
 Cast: Magic Dart        |    69 |    90 ||   159
Evoke: Wand              |       |     1 ||     1
  Use: Scroll            |       |     7 ||     7
  Eat: Chunk             |       |     4 ||     4
Armor: Robe              |     3 |     3 ||     6
Dodge: Dodged            |     9 |     6 ||    15
